 Dungeon Sprint DCSS version 0.31.0-9-g3a7656b989 (webtiles) character file.

Game seed: 8394124805141871847

4863 Heoruswealwe the Impaler (level 10, -4/105 HPs)
             Began as a Minotaur Fighter on Feb 2, 2024.
             Was an Initiate of Gozag.
             Slain by a seven-headed hydra (6 damage)
             ... while petrified by a catoblepas
             ... in the Dungeon (Sprint IX: "|||||||||||||||||||||||||||||").
             The game lasted 00:03:18 (489 turns).

Heoruswealwe the Impaler (Minotaur Fighter)          Turns: 489, Time: 00:03:19

Health: -4/105     AC: 18    Str: 28    XL:     10   Next: 26%
Magic:  9/9        EV:  2    Int:  5    God:    Gozag
Gold:   2026       SH:  0    Dex: 10    Spells: 9/9 levels left

rFire   . . .        b - +2 halberd (protect)
rCold   . . .        (shield currently unavailable)
rNeg    + + +        c - +0 plate armour
rPois   ∞            (helmet restricted)
rElec   .            h - +0 cloak
rCorr   .            (no gloves)
SInv    .            (no boots)
Will    .....        (no amulet) Stlth
                     k - +3 ring of strength
HPRegen 0.37/turn    j - +2 ring of evasion
MPRegen 0.11/turn

%: no teleportation
@: petrified, gold aura
A: horns 2, retaliatory headbutt
a: Renounce Religion, Potion Petition, Call Merchant, Bribe Branch


You were in the Dungeon.
You worshipped Gozag.
Gozag was most pleased with you.
You visited 1 branch You collected 2026 gold pieces.

Inventory:

Hand Weapons
 a - a +0 trident of flaming
 b - a +2 halberd of protection (weapon)
Armour
 c - a +0 plate armour (worn)
 d - a +0 buckler
 h - a +0 cloak (worn)
Jewellery
 j - a +2 ring of evasion (right hand)
 k - a +3 ring of strength (left hand)
Wands
 l - a wand of iceblast (10)
Scrolls
 n - 3 scrolls of blinking
 q - a scroll of fear
 r - a scroll of identify
 s - 2 scrolls of enchant armour
 t - a scroll of fog
Potions
 e - 7 potions of curing
 f - 4 potions of heal wounds
 g - a potion of haste
 i - a potion of berserk rage
 m - a potion of might
 o - a potion of mutation
 p - a potion of resistance


   Skills:
 + Level 15.0 Fighting
 * Level 20.1 Polearms
 + Level 15.0 Armour
 - Level 3.6 Shields


You had 9 spell levels left.
You didn't know any spells.
Your spell library was empty.

Dungeon Overview and Level Annotations

Branches:
Dungeon (1/1)

Altars:
Cheibriados
Dithmenos
Elyvilon
Fedhas
Gozag
Hepliaklqana
Kikubaaqudgha
Makhleb
Nemelex Xobeh
Okawaru
Qazlal
Ru
Sif Muna
Trog
Uskayaw
Vehumet
Wu Jian
Xom
Yredelemnul
Zin
The Shining One
Jiyva
Lugonu


Innate Abilities, Weirdness & Mutations

You have a pair of horns on your head.
You reflexively headbutt those who attack you in melee.


Message History

You puncture the catoblepas!
You kill the catoblepas!
You are engulfed in calcifying dust.
Your limbs have turned to stone.
You have turned to stone.
Your Fighting skill increases to level 15!
Your Polearms skill increases to level 20!
Your Armour skill increases to level 15!
The seven-headed hydra bites you but does no damage. x7
The seven-headed hydra barely misses you. x2
The seven-headed hydra bites you but does no damage.
The seven-headed hydra bites you!
* * * LOW HITPOINT WARNING * * *
The seven-headed hydra bites you but does no damage.
The seven-headed hydra bites you!
* * * LOW HITPOINT WARNING * * *
The seven-headed hydra bites you but does no damage.
The basilisk is distracted by your dazzling golden aura.
The seven-headed hydra completely misses you.
The seven-headed hydra bites you.
* * * LOW HITPOINT WARNING * * *
The seven-headed hydra bites you but does no damage.
The seven-headed hydra completely misses you.
The seven-headed hydra bites you but does no damage. x3
The seven-headed hydra bites you.
* * * LOW HITPOINT WARNING * * *
The seven-headed hydra bites you but does no damage. x2
The seven-headed hydra bites you.
* * * LOW HITPOINT WARNING * * *
The seven-headed hydra bites you but does no damage.
The seven-headed hydra bites you.
* * * LOW HITPOINT WARNING * * *
The seven-headed hydra bites you.
* * * LOW HITPOINT WARNING * * *
The seven-headed hydra is distracted by your dazzling golden aura.
The seven-headed hydra bites you but does no damage.
The seven-headed hydra bites you.
* * * LOW HITPOINT WARNING * * *
The seven-headed hydra bites you!
You die...
Your body crumbles into a pile of gold.

▓.▓_▓
▓Y▓.▓_▓
▓Y▓.▓_▓
▓S▓.▓_▓
▓l▓.▓_▓
▓D▓.▓_▓
▓D▓.▓_▓
▓D▓.▓_▓
▓@▓.▓_▓
▓.▓.▓_▓
▓.▓.▓_▓
▓.▓.▓_▓
▓.▓.▓_▓
▓.▓.▓_▓
▓.▓.▓_▓
▓.▓.▓_▓
▓.▓.▓_▓


You could see 2 seven-headed hydras, a five-headed hydra, 2 yaks, a basilisk
(unaware) and a water moccasin.

Vanquished Creatures
  A centaur warrior (D)
  A catoblepas (D)
  An elephant (D)
  3 cane toads (D)
  An efreet (D)
  A komodo dragon (D)
  A wyvern (D)
  A yak (D)
  4 wraiths (D)
  2 basilisks (D)
  2 acid dragons (D)
  3 water moccasins (D)
  An ice beast (D)
  A phantom (D)
  A gnoll sergeant (D)
  A jelly (D)
  An iguana (D)
  A dart slug (D)
  A goblin (D)
  3 quokkas (D)
  A kobold (D)
32 creatures vanquished.

Notes
Turn   | Place    | Note
-------+----------+-------------------------------------------
     0 | D        | Heoruswealwe the Minotaur Fighter began the quest for the
                  | Orb.
     0 | D        | Reached XP level 1. HP: 19/19 MP: 0/0
     5 | D        | Reached skill level 3 in Polearms
    15 | D        | Reached skill level 4 in Polearms
    21 | D        | Noticed a jelly
    21 | D        | Noticed an ice beast
    21 | D        | Noticed an iguana
    21 | D        | Noticed a phantom
    28 | D        | Killed a phantom
    29 | D        | Reached skill level 7 in Polearms
    29 | D        | Reached XP level 2. HP: 27/30 MP: 1/1
    29 | D        | Reached XP level 3. HP: 33/37 MP: 2/2
    29 | D        | Reached XP level 4. HP: 39/44 MP: 3/3
    37 | D        | Reached skill level 8 in Polearms
    41 | D        | Killed an ice beast
    42 | D        | Reached skill level 9 in Polearms
    42 | D        | Reached XP level 5. HP: 18/53 MP: 4/4
    46 | D        | Reached skill level 10 in Polearms
    53 | D        | Found a snail-covered altar of Cheibriados.
    53 | D        | Found a shadowy altar of Dithmenos.
    53 | D        | Found a white marble altar of Elyvilon.
    53 | D        | Found a blossoming altar of Fedhas.
    53 | D        | Found an opulent altar of Gozag.
    54 | D        | Found a hazy altar of Hepliaklqana.
    55 | D        | Found a viscous altar of Jiyva.
    56 | D        | Found an ancient bone altar of Kikubaaqudgha.
    57 | D        | Found a corrupted altar of Lugonu.
    58 | D        | Found a burning altar of Makhleb.
    59 | D        | Found a sparkling altar of Nemelex Xobeh.
    60 | D        | Found an iron altar of Okawaru.
    61 | D        | Became a worshipper of Gozag Ym Sagoz the Greedy
    62 | D        | Found a stormy altar of Qazlal.
    63 | D        | Found a sacrificial altar of Ru.
    64 | D        | Found a shimmering blue altar of Sif Muna.
    65 | D        | Found a bloodstained altar of Trog.
    66 | D        | Found a hide-covered altar of Uskayaw.
    67 | D        | Found a radiant altar of Vehumet.
    68 | D        | Found an ornate altar of the Wu Jian Council.
    69 | D        | Found a shimmering altar of Xom.
    70 | D        | Found a basalt altar of Yredelemnul.
    71 | D        | Found a glowing silver altar of Zin.
    72 | D        | Found a glowing golden altar of the Shining One.
   197 | D        | Noticed a yak
   197 | D        | Noticed an acid dragon
   197 | D        | Noticed a wyvern
   197 | D        | Noticed a wraith
   197 | D        | Noticed an acid dragon
   197 | D        | Noticed a wraith
   202 | D        | Killed a wraith
   203 | D        | Reached skill level 11 in Polearms
   203 | D        | Reached XP level 6. HP: 43/63 MP: 5/5
   206 | D        | Killed an acid dragon
   207 | D        | Reached skill level 12 in Polearms
   212 | D        | Killed a wraith
   213 | D        | Reached skill level 10 in Fighting
   213 | D        | Reached skill level 13 in Polearms
   213 | D        | Reached skill level 10 in Armour
   213 | D        | Reached XP level 7. HP: 52/72 MP: 6/6
   217 | D        | Killed a wyvern
   218 | D        | Reached skill level 14 in Polearms
   226 | D        | Killed a yak
   227 | D        | Reached XP level 8. HP: 54/82 MP: 7/7
   235 | D        | Noticed an efreet
   235 | D        | Noticed a centaur warrior
   243 | D        | Killed a centaur warrior
   244 | D        | Reached skill level 16 in Polearms
   248 | D        | Killed an efreet
   254 | D        | Reached XP level 9. HP: 27/92 MP: 8/8
   258 | D        | Reached skill level 17 in Polearms
   396 | D        | Noticed a cane toad
   396 | D        | Noticed a cane toad
   396 | D        | Noticed a cane toad
   400 | D        | Noticed an elephant
   406 | D        | Killed a cane toad
   407 | D        | Reached skill level 18 in Polearms
   407 | D        | Noticed a komodo dragon
   408 | D        | Killed a cane toad
   414 | D        | Killed a cane toad
   421 | D        | Killed an elephant
   422 | D        | Reached skill level 19 in Polearms
   422 | D        | Reached XP level 10. HP: 63/104 MP: 9/9
   456 | D        | Noticed a seven-headed hydra
   456 | D        | Noticed a seven-headed hydra
   456 | D        | Noticed a catoblepas
   463 | D        | Noticed a five-headed hydra
   484 | D        | Killed a catoblepas
   485 | D        | Reached skill level 15 in Fighting
   485 | D        | Reached skill level 20 in Polearms
   485 | D        | Reached skill level 15 in Armour
   488 | D        | HP: 4/105 [seven-headed hydra (2)]
   489 | D        | Slain by a seven-headed hydra

Illustrated notes

Levels and vault maps discovered:
D:        linesprint [early_d, line_temple, items_1, d_10, items_2, lair_1,
          lair_end, items_3, orc_1, orc_end, items_4, d_15, swamp_1, shoals_1,
          snake_1, spider_1, d_20, vaults_1, items_5, swamp_end, shoals_end,
          snake_end, spider_end, vaults_end, d_27, items_6, zot_1, zot_end,
          crypt_end, forest_end, elf_end, slime_end, tomb_end, abyss_end,
          pan_hell_end]

Skill      XL: |  1  2  3  4  5  6  7  8  9 10 |
---------------+-------------------------------+-----
Polearms       | 7 9 11 13 14 16 19 20 | 20.1
Fighting       | 6 7 9 10 11 12 14 15 | 15.0
Armour         | 6 7 9 10 11 12 14 15 | 15.0
Shields        | |  3.6

Action                     |  1- 3 |  4- 6 |  7- 9 | 10-12 || total
---------------------------+-------+-------+-------+-------++-------
  Melee: Trident           |    17 |    17 |       |       ||    34
         Headbutt          |     3 |     5 |    14 |     7 ||    29
         Halberd           |       |    14 |    66 |    19 ||    99
    Use: Potion            |       |     1 |       |       ||     1
 Armour: Scale mail        |     8 |    10 |       |       ||    18
         Plate armour      |       |     8 |    39 |    57 ||   104
  Dodge: Dodged            |     5 |     7 |    25 |     6 ||    43
  Block: Buckler           |       |     2 |       |       ||     2
